[ AOE2 MATCH · #505129765 ]
UnrankedEthiopians vs Lithuanians
Player's team · LOSS
[ REPLAY ANALYSIS · EXTRACTED FROM THE RECORDED GAME ]
Feudal
27:54
Castle
—
Imperial
—
| APM avg | 33.3 |
| APM peak | 84 |
| eAPM avg | 16.6 |
| Villagers / military | 55 / 0 |
Focus
⚔️ 37.9% · 🌾 62.1%
Feudal
9:15
Castle
—
Imperial
—
| APM avg | 45.2 |
| APM peak | 66 |
| eAPM avg | 23.2 |
| Villagers / military | 49 / 13 |
Focus
⚔️ 17.1% · 🌾 82.9%
Scout Cavalry ×11 · Militia ×2
Match map
Initial resources + every placement click. Lines = walls · curves = elevation contours. ◆ gold · ⬟ stone · ● berries · ✦ relic · ◌ wall gap
Your base· ✓ Closed at 12:00 · 29t walls · no gate
Kaepirinha's base· Open — opponent sealed themselves in
Smoothed initial terrain · ◌ = detected wall gap · hover for details
Inputs per minute
— Redwood MC9 - - Kaepirinha
Build order — Redwood MC9
120 actions detected in the replay
| 0:00 | Queue | Villager (Male) |
| 0:00 | Queue | Villager (Male) |
| 0:02 | Build | House |
| 0:03 | Build | House |
| 0:21 | Queue | Villager (Male) |
| 0:21 | Queue | Villager (Male) |
| 1:30 | Queue | Villager (Male) |
| 1:41 | Build | House |
| 1:44 | Build | Lumber Camp |
| 1:56 | Queue | Villager (Male) |
| 1:56 | Queue | Villager (Male) |
| 2:20 | Queue | Villager (Male) |
| 3:07 | Queue | Villager (Male) ×2 |
| 3:58 | Queue | Villager (Male) ×2 |
| 3:58 | Queue | Villager (Male) ×2 |
| 4:53 | Queue | Villager (Male) ×2 |
| 4:53 | Queue | Villager (Male) ×2 |
| 5:04 | Queue | Villager (Male) |
| 5:54 | Research | Loom |
| 6:24 | Build | House |
| 6:31 | Queue | Villager (Male) |
| 6:53 | Build | Mill |
| 7:19 | Build | Town Center |
| 7:40 | Build | Palisade Wall |
| 7:42 | Build | House |
| 7:43 | Build | Palisade Wall |
| 7:55 | Build | Palisade Wall |
| 8:08 | Build | House |
| 8:12 | Build | Palisade Wall |
| 8:14 | Build | Palisade Wall |
| 8:23 | Queue | Villager (Male) ×4 |
| 8:23 | Queue | Villager (Male) ×4 |
| 9:01 | Build | Palisade Gate |
| 9:03 | Build | Palisade Wall |
| 10:10 | Queue | Villager (Male) |
| 10:10 | Queue | Villager (Male) |
| 10:10 | Queue | Villager (Male) |
| 10:11 | Queue | Villager (Male) |
| 10:22 | Build | Palisade Wall |
| 10:37 | Build | Palisade Wall |
| 10:38 | Build | Palisade Wall |
| 11:43 | Queue | Villager (Male) |
| 12:22 | Queue | Villager (Male) |
| 12:51 | Build | House |
| 12:52 | Build | Palisade Wall |
| 12:55 | Build | Palisade Wall |
| 12:56 | Build | Palisade Wall |
| 13:01 | Queue | Villager (Male) |
| 13:08 | Build | Palisade Wall |
| 13:09 | Build | Palisade Wall |
| 14:00 | Queue | Villager (Male) |
| 14:01 | Queue | Villager (Male) |
| 14:16 | Build | Palisade Wall |
| 14:18 | Build | Palisade Wall |
| 14:20 | Build | House |
| 14:32 | Build | Palisade Wall |
| 15:03 | Build | Town Center |
| 15:18 | Build | House |
| 15:20 | Build | House |
| 15:25 | Build | Palisade Wall |
| 15:29 | Build | Palisade Wall |
| 16:23 | Queue | Villager (Male) |
| 16:25 | Queue | Villager (Male) ×2 |
| 16:29 | Build | House |
| 16:31 | Build | Palisade Wall |
| 16:50 | Build | Farm |
| 16:57 | Build | Palisade Gate |
| 17:47 | Queue | Villager (Male) |
| 17:49 | Build | Farm |
| 17:51 | Build | Farm |
| 17:56 | Build | Mill |
| 17:59 | Build | Mill |
| 18:47 | Build | Farm |
| 18:52 | Queue | Villager (Male) |
| 19:13 | Queue | Villager (Male) |
| 19:16 | Build | Farm |
| 19:29 | Build | Farm |
| 19:55 | Build | Farm |
| 19:55 | Queue | Villager (Male) |
| 20:04 | Build | House |
| 20:19 | Queue | Villager (Male) |
| 20:21 | Build | Farm |
| 21:02 | Queue | Villager (Male) |
| 21:04 | Build | Farm |
| 21:06 | Build | Farm |
| 21:08 | Build | Farm |
| 21:09 | Build | Farm |
| 21:29 | Queue | Villager (Male) |
| 21:50 | Queue | Villager (Male) |
| 22:12 | Queue | Villager (Male) |
| 22:17 | Build | Farm |
| 22:38 | Build | Palisade Wall |
| 22:46 | Queue | Villager (Male) |
| 23:01 | Queue | Villager (Male) |
| 23:09 | Build | Farm |
| 23:17 | Build | Barracks |
| 23:33 | Queue | Villager (Male) |
| 23:56 | Queue | Villager (Male) |
| 24:20 | Build | Farm |
| 24:22 | Queue | Villager (Male) |
| 24:24 | Build | Lumber Camp |
| 24:30 | Build | Palisade Wall |
| 24:37 | Build | Palisade Wall |
| 24:39 | Build | Palisade Wall |
| 24:42 | Build | House |
| 24:46 | Queue | Villager (Male) |
| 24:55 | Build | House |
| 25:00 | Build | Farm |
| 25:12 | Build | Farm |
| 25:23 | Build | House |
| 25:44 | Research | Feudal Age |
| 25:44 | Research | Feudal Age |
| 26:11 | Build | Farm |
| 26:44 | Build | House |
| 26:46 | Build | Palisade Wall |
| 26:51 | Build | Palisade Wall |
| 26:55 | Build | Palisade Wall |
| 26:57 | Build | Palisade Wall |
| 27:33 | Build | Barracks |
| 27:54 | Age | Feudal Age |
Build order — Kaepirinha
108 actions detected in the replay
| 0:00 | Queue | Villager (Male) |
| 0:01 | Queue | Villager (Male) |
| 0:01 | Queue | Villager (Male) |
| 0:02 | Build | House |
| 0:04 | Build | House |
| 0:15 | Queue | Villager (Male) |
| 0:21 | Queue | Villager (Male) |
| 0:21 | Queue | Villager (Male) |
| 1:07 | Queue | Villager (Male) |
| 2:05 | Queue | Villager (Male) |
| 2:21 | Queue | Villager (Male) |
| 2:43 | Build | Lumber Camp |
| 2:46 | Queue | Villager (Male) |
| 2:49 | Build | House |
| 3:11 | Queue | Villager (Male) |
| 3:11 | Queue | Villager (Male) |
| 3:11 | Queue | Villager (Male) |
| 3:43 | Queue | Villager (Male) |
| 4:02 | Queue | Villager (Male) |
| 4:37 | Queue | Villager (Male) |
| 4:46 | Build | Mill |
| 5:16 | Queue | Villager (Male) |
| 5:35 | Build | House |
| 5:51 | Queue | Villager (Male) |
| 6:23 | Research | Loom |
| 6:56 | Research | Feudal Age |
| 8:34 | Build | House |
| 9:15 | Age | Feudal Age |
| 9:20 | Build | Barracks |
| 9:23 | Queue | Villager (Male) |
| 9:32 | Build | Palisade Wall |
| 9:34 | Build | Palisade Wall |
| 9:43 | Build | Palisade Wall |
| 9:51 | Queue | Militia |
| 9:58 | Build | Stable |
| 10:13 | Queue | Villager (Male) |
| 10:38 | Queue | Scout Cavalry |
| 10:38 | Queue | Scout Cavalry |
| 10:50 | Queue | Villager (Male) |
| 11:13 | Queue | Militia |
| 11:48 | Build | Town Center |
| 12:02 | Build | Town Center |
| 12:17 | Build | Palisade Wall |
| 12:19 | Build | Palisade Wall |
| 12:32 | Queue | Scout Cavalry |
| 13:44 | Queue | Scout Cavalry |
| 13:46 | Queue | Villager (Male) |
| 14:13 | Build | Palisade Wall |
| 14:16 | Build | Palisade Wall |
| 14:24 | Queue | Villager (Male) |
| 14:46 | Queue | Villager (Male) |
| 14:50 | Queue | Scout Cavalry |
| 14:53 | Build | House |
| 15:11 | Queue | Villager (Male) |
| 15:47 | Queue | Scout Cavalry |
| 15:54 | Build | Farm |
| 15:54 | Build | Farm |
| 15:55 | Build | Farm |
| 15:55 | Build | Farm |
| 16:08 | Queue | Villager (Male) |
| 16:39 | Queue | Villager (Male) |
| 16:44 | Build | Blacksmith |
| 16:45 | Build | House |
| 16:48 | Queue | Villager (Male) |
| 17:44 | Research | Scale Barding Armor |
| 17:54 | Queue | Villager (Male) |
| 18:08 | Build | Farm |
| 18:34 | Queue | Villager (Male) |
| 18:41 | Build | Farm |
| 18:42 | Build | Farm |
| 18:46 | Build | Farm |
| 18:52 | Queue | Villager (Male) |
| 19:11 | Queue | Villager (Male) |
| 19:30 | Build | Mill |
| 19:34 | Queue | Scout Cavalry |
| 20:12 | Research | Forging |
| 20:12 | Research | Forging |
| 20:35 | Queue | Villager (Male) |
| 20:40 | Build | House |
| 21:21 | Queue | Villager (Male) |
| 21:27 | Queue | Villager (Male) |
| 21:51 | Queue | Villager (Male) |
| 21:58 | Queue | Villager (Male) |
| 22:17 | Queue | Villager (Male) |
| 22:19 | Queue | Scout Cavalry |
| 22:39 | Queue | Villager (Male) |
| 22:54 | Build | Mill |
| 23:07 | Queue | Villager (Male) |
| 23:16 | Queue | Villager (Male) |
| 23:36 | Build | House |
| 23:51 | Queue | Scout Cavalry |
| 23:51 | Queue | Scout Cavalry |
| 24:00 | Build | Mining Camp |
| 24:02 | Queue | Villager (Male) |
| 24:25 | Build | House |
| 24:43 | Queue | Villager (Male) |
| 25:11 | Build | House |
| 25:15 | Queue | Villager (Male) |
| 25:29 | Build | Watch Tower |
| 25:39 | Queue | Scout Cavalry |
| 25:40 | Queue | Villager (Male) |
| 26:10 | Queue | Villager (Male) |
| 26:30 | Queue | Villager (Male) |
| 26:36 | Build | Mining Camp |
| 26:50 | Build | Lumber Camp |
| 27:26 | Build | Watch Tower |
| 27:32 | Queue | Villager (Male) |
| 27:48 | Queue | Villager (Male) |
Match timeline
| 7:40 | Redwood MC9 · wall_segment Palisade Wall x5 |
| 7:43 | Redwood MC9 · wall_segment Palisade Wall x8 |
| 7:55 | Redwood MC9 · wall_segment Palisade Wall x4 |
| 8:12 | Redwood MC9 · wall_segment Palisade Wall x5 |
| 8:14 | Redwood MC9 · wall_segment Palisade Wall x4 |
| 9:03 | Redwood MC9 · wall_segment Palisade Wall x1 |
| 9:15 | Kaepirinha · age_up feudal |
| 9:20 | Kaepirinha · first_building Barracks |
| 9:32 | Kaepirinha · wall_segment Palisade Wall x1 |
| 9:34 | Kaepirinha · wall_segment Palisade Wall x1 |
| 9:43 | Kaepirinha · wall_segment Palisade Wall x1 |
| 9:58 | Kaepirinha · first_building Stable |
| 10:22 | Redwood MC9 · wall_segment Palisade Wall x1 |
| 10:37 | Redwood MC9 · wall_segment Palisade Wall x1 |
| 10:38 | Redwood MC9 · wall_segment Palisade Wall x1 |
| 12:17 | Kaepirinha · wall_segment Palisade Wall x1 |
| 12:19 | Kaepirinha · wall_segment Palisade Wall x1 |
| 12:52 | Redwood MC9 · wall_segment Palisade Wall x1 |
| 12:55 | Redwood MC9 · wall_segment Palisade Wall x1 |
| 12:56 | Redwood MC9 · wall_segment Palisade Wall x1 |
| 13:08 | Redwood MC9 · wall_segment Palisade Wall x1 |
| 13:09 | Redwood MC9 · wall_segment Palisade Wall x7 |
| 14:13 | Kaepirinha · wall_segment Palisade Wall x1 |
| 14:16 | Kaepirinha · wall_segment Palisade Wall x1 |
| 14:16 | Redwood MC9 · wall_segment Palisade Wall x5 |
| 14:18 | Redwood MC9 · wall_segment Palisade Wall x5 |
| 14:32 | Redwood MC9 · wall_segment Palisade Wall x2 |
| 15:25 | Redwood MC9 · wall_segment Palisade Wall x1 |
| 15:29 | Redwood MC9 · wall_segment Palisade Wall x1 |
| 16:31 | Redwood MC9 · wall_segment Palisade Wall x2 |
| 22:38 | Redwood MC9 · wall_segment Palisade Wall x1 |
| 23:17 | Redwood MC9 · first_building Barracks |
| 24:30 | Redwood MC9 · wall_segment Palisade Wall x8 |
| 24:37 | Redwood MC9 · wall_segment Palisade Wall x3 |
| 24:39 | Redwood MC9 · wall_segment Palisade Wall x3 |
| 26:46 | Redwood MC9 · wall_segment Palisade Wall x3 |
| 26:51 | Redwood MC9 · wall_segment Palisade Wall x1 |
| 26:55 | Redwood MC9 · wall_segment Palisade Wall x1 |
| 26:57 | Redwood MC9 · wall_segment Palisade Wall x1 |
| 27:54 | Redwood MC9 · age_up feudal |
| 27:54 | Redwood MC9 · resign |
[ AI ANALYSIS · 1 CREDIT ]
What really happened in this match?
Wolo.gg analyzes every decision: build order, eco, micro, common mistakes by bracket. Personalized analysis on WhatsApp or Discord in 30 seconds.
Civ guide
Ethiopians
Perfil
Jugador #10953296